 Dungeon Crawl Stone Soup version 0.26-a0-519-gb2f46efeda (webtiles) character file.

Game seed: 2544203316011102988

688281 Ge0ff the Cutthroat (level 27, -25/176 HPs)
             Began as a Kobold Delver on Aug 10, 2020.
             Was the Champion of Ashenzari.
             Killed from afar by an orb of fire (29 damage)
             ... with a bolt of fire
             ... on level 4 of the Realm of Zot on Aug 11, 2020.
             The game lasted 04:10:17 (80045 turns).

Ge0ff the Cutthroat (Kobold Delver)                Turns: 80045, Time: 04:10:17

Health: -25/176    AC: 23    Str: 14    XL:     27
Magic:  0/39       EV: 37    Int: 19    God:    Ashenzari [******]
Gold:   434        SH: 22    Dex: 27    Spells: 0/51 levels left

rFire    + + .     SeeInvis +   a - +9 dagger (chaos)
rCold    + . .     Faith    .   L - +5 kite shield of the Blacksmith {+Inv +Fly rF- rC+ MR+} (curse)
rNeg     + + .     Spirit   +   D - +4 troll leather armour (curse)
rPois    +         Reflect  .   Q - +2 helmet {Int+3} (curse)
rElec    .         Harm     .   A - +2 ratskin cloak {*Rats rPois rN+ Str-1 Int-1 Dex+1} (curse)
rCorr    .         Clarity  +   f - +2 pair of gloves {Str+3} (curse)
MR       +++++                  r - +2 pair of boots {rampage} (curse)
Stlth    +++++.....             Z - amulet of guardian spirit (curse)
HPRegen  0.79/turn              Y - ring of the Mage {Wiz MR++ Int+3} (curse)
MPRegen  0.26/turn              J - ring of Jownin {rF++ rN+} (curse)

@: lethally poisoned (-25 -> -25), contaminated, slowed, glowing, very slow
A: small, fangs 1, talons 1, clarity, fire resistance 1, nightstalker 3, strong
1
}: 4/15 runes: decaying, serpentine, silver, abyssal
a: Curse Item, Scrying, Transfer Knowledge, Renounce Religion, Evoke
Invisibility, Evoke Flight


You were on level 4 of the Realm of Zot.
You worshipped Ashenzari.
Ashenzari was exalted by your worship.
You visited 12 branches of the dungeon, and saw 53 of its levels.
You visited the Abyss 2 times.
You visited 1 bazaar.
You also visited: Sewer, Bailey, Ice Cave and Wizlab.

You collected 13266 gold pieces.
You spent 12832 gold pieces at shops.

Inventory:

Hand Weapons
 a - a +9 dagger of chaos (weapon)
 b - the +8 demon blade "Leech" {vamp, *Rage +Rage rN+}
   (You found it on level 3 of the Crypt)

   It inflicts no extra harm, but heals its wielder when it wounds a living foe.
   It protects you from negative energy.
   It lets you go berserk.
   It may make you go berserk in combat.
 w - a +7 demon blade of distortion
Missiles
 g - 8 throwing nets {=f}
 h - 97 boomerangs (quivered)
 v - 3 curare-tipped darts {=f}
Armour
 f - a cursed +2 pair of gloves of strength (worn)
 r - a cursed +2 pair of boots of rampaging (worn)
 A - the cursed +2 ratskin cloak (worn) {*Rats rPois rN+ Str-1 Int-1 Dex+1}
   (You bought it in a shop on level 10 of the Dungeon)

   It affects your strength (-1).
   It affects your intelligence (-1).
   It affects your dexterity (+1).
   It protects you from poison.
   It protects you from negative energy.
   It has a curse placed upon it.
 D - a cursed +4 troll leather armour (worn)
 L - the cursed +5 kite shield of the Blacksmith (worn) {+Inv +Fly rF- rC+ MR+}
   (You bought it in a shop on level 1 of the Elven Halls)

   It makes you vulnerable to fire.
   It protects you from cold.
   It affects your resistance to hostile enchantments.
   It lets you turn invisible.
   It lets you fly.
   It has a curse placed upon it.
 Q - a cursed +2 helmet of intelligence (worn)
Jewellery
 J - the cursed ring of Jownin (right hand) {rF++ rN+}
   (You bought it in a shop on level 3 of the Vaults)

   [ring of positive energy]

   It greatly protects you from fire.
   It protects you from negative energy.
   It has a curse placed upon it.
 Y - the cursed ring of the Mage (left hand) {Wiz MR++ Int+3}
   (You bought it in a shop on level 3 of the Vaults)

   [ring of wizardry]

   It improves your spell success rate.
   It affects your intelligence (+3).
   It affects your resistance to hostile enchantments.
   It has a curse placed upon it.
 Z - a cursed amulet of guardian spirit (around neck)
Wands
 d - a wand of digging (20)
 e - a wand of enslavement (29)
 j - a wand of acid (29)
 k - a wand of iceblast (66)
 p - a wand of paralysis (31)
 s - a wand of disintegration (37)
 x - a wand of random effects (43)
Scrolls
 i - 29 scrolls of identify
 m - 2 scrolls of magic mapping
 u - 2 scrolls of holy word
 y - 5 scrolls of immolation
 B - 10 scrolls of blinking
 C - 5 scrolls of remove curse
 E - 7 scrolls of fear
 F - 11 scrolls of fog
 S - 3 scrolls of summoning
 T - 33 scrolls of teleportation
 V - 8 scrolls of vulnerability
Potions
 o - 5 potions of ambrosia
 q - 21 potions of curing
 z - 5 potions of brilliance
 H - 16 potions of haste {!q}
 I - 8 potions of invisibility
 K - 12 potions of magic {!q}
 M - 13 potions of might
 N - 6 potions of cancellation {!q}
 P - 2 potions of stabbing
 R - 2 potions of resistance
 W - 19 potions of heal wounds {!q}
 X - 5 potions of mutation
Miscellaneous
 c - a condenser vane (2/2)
 l - a lightning rod (4/4)
 n - a phial of floods
 t - a tin of tremorstones (3/3)
 G - the horn of Geryon
 O - a box of beasts (3/3)
 U - a phantom mirror


   Skills:
 + Level 19.1 Fighting
 * Level 25.5 Short Blades
 - Level 12.0 Throwing
 - Level 10.0 Armour
 - Level 18.3(22.0) Dodging
 - Level 22.6(26.0) Stealth
 * Level 17.4(19.8) Shields
 - Level 12.5 Spellcasting
 - Level 7.5(12.0) Conjurations
 + Level 14.6(18.6) Hexes
 - Level 5.5(10.0) Summonings
 - Level 5.5(10.0) Necromancy
 - Level 7.5(12.0) Translocations
 - Level 7.5(12.0) Transmutations
 - Level 7.5(12.0) Earth Magic
 - Level 17.3(21.0) Evocations


You couldn't memorise any spells.
You knew the following spells:

 Your Spells              Type           Power        Failure   Level
b - Statue Form           Tmut/Erth      ######...    3%          6
c - Blink                 Tloc           N/A          1%          2
e - Irradiate             Conj/Tmut      ######....   1%          5
f - Discord               Hex            ######....   10%         8
g - Apportation           Tloc           ######       1%          1
h - Lee's Rapid Deconstr  Erth           ######....   1%          5
k - Borgnjor's Vile Clut  Necr/Erth      ######....   1%          5
p - Passage of Golubria   Tloc           N/A          1%          4
t - Confusing Touch       Hex            ######..     0%          3
v - Summon Mana Viper     Hex/Summ       ######..     1%          5
w - Passwall              Tmut/Erth      ######..     1%          2
y - Yara's Violent Unrav  Hex/Tmut       ######....   1%          5

Your spell library contained the following spells:

 Spells                   Type           Power        Failure   Level
 Corona                   Hex            ######.      0%          1
 Slow                     Hex            ######..     0%          2
 Tukima's Dance           Hex            ######..     0%          3
 Animate Skeleton         Necr           ######       1%          1
 Beastly Appendage        Tmut           ######       1%          1
 Sandblast                Erth           ######       1%          1
 Summon Small Mammal      Summ           ####         1%          1
 Call Imp                 Summ           ######..     1%          2
 Wereblood                Tmut           ######..     1%          2
 Call Canine Familiar     Summ           ######..     1%          3
 Conjure Flame            Conj/Fire      #####...     1%          3
 Gell's Gravitas          Tloc           ######....   1%          3
 Inner Flame              Hex/Fire       #####...     1%          3
 Lesser Beckoning         Tloc           ######....   1%          3
 Mephitic Cloud           Conj/Pois/Air  ####....     1%          3
 Portal Projectile        Hex/Tloc       ######       1%          3
 Spider Form              Tmut/Pois      #####.....   1%          3
 Static Discharge         Conj/Air       #####...     1%          3
 Stone Arrow              Conj/Erth      ######       1%          3
 Summon Guardian Golem    Hex/Summ       ######..     1%          3
 Teleport Other           Tloc           ######..     1%          3
 Animate Dead             Necr           ######....   1%          4
 Cause Fear               Hex            ######....   1%          4
 Leda's Liquefaction      Hex/Erth       ######....   1%          4
 Petrify                  Tmut/Erth      ######..     1%          4
 Blade Hands              Tmut           ######....   1%          5
 Iskenderun's Battlesphe  Conj           ######..     1%          5
 Metabolic Englaciation   Hex/Ice        #####.....   1%          5
 Silence                  Hex/Air        #####.....   1%          5
 Summon Demon             Summ           ######....   1%          5
 Summon Forest            Summ/Tloc      ######....   1%          5
 Invisibility             Hex            ######..     1%          6
 Freeze                   Ice            ##..         2%          1
 Hailstorm                Conj/Ice       #####...     2%          4
 Ice Form                 Ice/Tmut       #####...     2%          4
 Bolt of Magma            Conj/Fire/Erth #####.....   2%          5
 Poisonous Vapours        Pois/Air       ##....       3%          2
 Summon Ice Beast         Ice/Summ       ####....     3%          4
 Summon Lightning Spire   Summ/Air       ####....     3%          4
 Dispersal                Tloc           ######....   3%          6
 Hydra Form               Tmut           ######....   3%          6
 Iron Shot                Conj/Erth      ######....   3%          6
 Alistair's Intoxication  Tmut/Pois      #####....    6%          5
 Frozen Ramparts          Ice            ##....       7%          3
 Ozocubu's Armour         Ice            ##......     7%          3
 Death Channel            Necr           ######....   8%          6
 Shadow Creatures         Summ           N/A          8%          6
 Dragon Form              Tmut           ######....   19%         7
 Orb of Destruction       Conj           ######....   19%         7
 Spellforged Servitor     Conj/Summ      ######....   26%         7
 Summon Hydra             Summ           ######....   38%         7
 Simulacrum               Ice/Necr       ####......   45%         6
 Freezing Cloud           Conj/Ice/Air   ####......   56%         6
 Controlled Blink         Tloc           N/A          78%         8
 Disjunction              Tloc           ######....   78%         8
 Ozocubu's Refrigeration  Ice            ##........   96%         6


Dungeon Overview and Level Annotations

Branches:
Dungeon (15/15)            Temple (1/1) D:6            Lair (6/6) D:9
  Swamp (4/4) Lair:4        Snake (4/4) Lair:4        Slime (0/5) Lair:5
    Orc (2/2) D:10            Elf (3/3) Orc:2        Vaults (5/5) D:14
  Crypt (3/3) Vaults:2       Tomb (0/3) Crypt:3      Depths (5/5) D:15
   Hell (visited)             Dis (0/7) Hell            Geh (0/7) Hell
    Coc (0/7) Hell            Tar (0/7) Hell            Zot (4/5) Depths:5
  Sewer (visited)          Bailey (visited)           IceCv (visited)
 WizLab (visited)

Altars:
Ashenzari
Cheibriados
Dithmenos
Elyvilon
Fedhas
Gozag
Hepliaklqana
Kikubaaqudgha
Makhleb
Nemelex Xobeh
Okawaru
Qazlal
Ru
Sif Muna
Trog
Uskayaw
Vehumet
Wu Jian
Xom
Yredelemnul
Zin
Beogh
Jiyva

Shops:
D:10 [   D:11 !*   Orc:2 *!**   Elf:1 =***   Snake:2 =   Snake:4 =}}
Vaults:1 [!?[   Vaults:3 =:   Vaults:4 =:?   Vaults:5 !!:[[   Depths:2 *

Portals:
Hell: Depths:1 Depths:2 Depths:3 Depths:4 Depths:5
Abyss: Depths:1 Depths:2 Depths:4
Pandemonium: Depths:3 Depths:5
Ziggurat: Depths:1


Innate Abilities, Weirdness & Mutations

You are small and have problems with some larger weapons.
You are completely attuned to the shadows.
You have very sharp teeth.
You have sharp toenails.
You possess an exceptional clarity of mind.
Your flesh is heat resistant. (rF+)
Your muscles are strong. (Str +2)


Message History

A river rat scurries out from under your cloak.
You block the storm dragon's attack.
The storm dragon claws you but does no damage.
The storm dragon barely misses you.
The orb of fire emits a lurid red light.
The bolt of fire misses you.
The yellow draconian annihilator barely misses the black draconian.
You block the yellow draconian annihilator's attack.
The black draconian breathes lightning at you.
The bolt of lightning hits the orb of fire.
The orb of fire completely resists.
The bolt of lightning misses you. x2
You continue meditating on the rock.
You feel sick.
The yellow draconian annihilator hits the black draconian with a +0 whip.
The storm dragon breathes lightning at you.
The bolt of lightning misses you.
The bolt of lightning misses your river rat.
The orb of fire emits a lurid red light.
The bolt of fire hits you!! You resist.
You die...

,,,,,,,,**,**#q.d..,,,,,,*
,,,,,,,**,.###☼######*****
,,,,,****,#..).......# *+++**
*,,#...)..)...#
,,,,,***,*#..).......#
,,,,,,**,,#......q...#
,^,,,,,**,#.....d....#####*
,,,,,,,,*,.....q*D........#
,,,,,,,,**,....r@.........#
,,,,,,,,**,###+####.......#
,,,,,,,,**,,**,* #.......#######
,,,,,,,,***,**,* #.....).'..†...
,,,,,,,** *,,*,* #.).....#####.#
,,,,,,** **,*,* #..)).).#####.#
,,,,,** *,,,* #.............#
*************,,***####+##.#######
*,,,**,,,,,,,,,,....##.#....##


You could see an orb of fire, a storm dragon (catching breath), a black
draconian (catching breath), a yellow draconian annihilator, a neutral yellow
draconian annihilator (fast, strong, insane) and a friendly river rat.

Vanquished Creatures
  An orb of fire (Zot:4)
  4 ancient liches
  Mara (Vaults:3)
  A juggernaut (Depths:3)
  Sojobo (Vaults:3)
  The ghost of Taeseit the Warrior, a veteran GrFi of the Shining One (Crypt:2)
  The ghost of Etulorun the Axe Maniac, a veteran MiBe of Trog (Crypt:1)
  Frederick (Vaults:3)
  3 Killer Klowns
  Saint Roka (Orc:2)
  Bai Suzhen (Crypt:3)
  A caustic shrike (Depths:4)
  Nikola (Snake:2)
  A curse toe (Zot:1)
  7 golden dragons
  Geryon (Hell)
  2 bone dragons
  Jorgrun (Orc:2)
  9 liches
  2 hellephants
  3 deep elf blademasters
  15 tentacled monstrosities
  Rupert (D:14)
  2 deep elf master archers (Elf:3)
  5 quicksilver dragons
  3 tentacled starspawn
  A kraken (Abyss:5)
  Frances (Swamp:2)
  2 titans
  An acid blob (Depths:4)
  Asterion (Vaults:3)
  6 sphinxes
  6 ancient champions
  The ghost of Rywnuynonna the Peltast, an adept HuWn of Kikubaaqudgha (Snake:3)
  The ghost of Faiveas the Warrior, a journeyman OgAr of Makhleb (Snake:3)
  5 death cobs
  Roxanne (Snake:2)
  12 shadow dragons
  2 thorn hunters
  2 revenants
  12 storm dragons
  6 draconian monks
  The ghost of Xuhuq the Severer, an adept DsFi of Gozag (Snake:3)
  11 tengu reavers
  An azure jelly (Swamp:4)
  Donald (Crypt:2)
  13 nagarajas
  5 frost giants
  2 ghost moths
  The ghost of Plog the Eviscerator, an adept FeBe of Trog (Vaults:3)
  16 vault wardens
  12 fire giants
  Aizul (Snake:2)
  2 iron dragons (Vaults:5)
  A balrug (Hell)
  7 draconian knights
  4 draconian scorchers
  A deep elf sorcerer (Elf:3)
  An orc warlord (Vaults:4)
  5 draconian shifters
  12 ironheart preservers
  4 deep elf elementalists (Elf:3)
  2 curse skulls (Crypt:2)
  5 draconian annihilators
  8 draconian stormcallers
  3 ghouls (Crypt:2)
  11 very ugly things
  8 reapers
  9 war gargoyles
  21 stone giants
  3 spriggan defenders (Depths:3)
  6 entropy weavers
  10 green draconians
  8 black draconians
  6 vampire knights
  11 white draconians
  8 starcursed masses
  2 lorocyprocas
  7 deep elf demonologists
  4 deep elf annihilators
  2 wizards (Abyss:4)
  15 red draconians
  7 purple draconians
  7 dire elephants
  5 spark wasps
  6 eidola
  12 yellow draconians
  3 crystal guardians (Crypt:3)
  2 blizzard demons
  A merfolk javelineer (Depths:1)
  14 ogre magi
  12 deep elf death magi
  An ettin (shapeshifter) (Vaults:5)
  11 fire dragons
  13 ettins
  A quicksilver dragon zombie (Crypt:1)
  7 jiangshi
  20 yaktaur captains
  2 merfolk impalers (Depths:1)
  6 rakshasas
  7 great orbs of eyes
  13 naga warriors
  5 ghost crabs
  6 deep elf high priests
  10 ice dragons
  A hell beast (Elf:2)
  Harold (D:11)
  35 vault guards
  5 spriggan air magi
  A shambling mangrove (Swamp:3)
  2 hydras (shapeshifter)
  16 hydras
  9 anacondas
  2 catoblepae
  5 centaur warriors
  44 two-headed ogres
  4 tengu warriors
  8 death yaks
  4 deep troll shamans
  16 alligators
  5 vampire magi
  2 death knights
  Urug (Lair:2)
  3 hell hogs (Hell)
  36 dancing weapons
  3 orc high priests
  8 deep troll earth magi
  4 small abominations
  2 titan zombies
  7 shock serpents
  6 spriggan berserkers
  4 thrashing horrors
  5 naga sharpshooters
  4 soul eaters
  21 deep elf knights
  2 sun demons
  Nergalle (D:12)
  2 iron golems (Hell)
  3 shadow wraiths
  A titan skeleton (Crypt:3)
  2 iron trolls
  A spatial maelstrom (Abyss:4)
  A storm dragon skeleton (Crypt:3)
  49 skeletal warriors
  A wretched star (Abyss:4)
  A golden dragon zombie (Crypt:3)
  6 unseen horrors
  18 hell knights
  4 spriggan druids
  2 sea snakes (Snake:1)
  A shadow demon (Depths:3)
  A deep troll (shapeshifter) (Vaults:2)
  An anaconda zombie (Hell)
  A gelid demonspawn (Depths:5)
  2 swamp dragons
  A glowing orange brain (Abyss:4)
  13 ironbrand convokers
  24 deep trolls
  3 naga ritualists
  28 deep elf archers
  An iron giant skeleton (Crypt:1)
  18 orc knights
  5 phantasmal warriors
  15 necromancers
  A harpy (Elf:2)
  3 anaconda skeletons
  2 flayed ghosts (Crypt:2)
  9 large abominations
  A frost giant zombie (Crypt:3)
  62 deep elf magi
  A golden dragon skeleton (Crypt:2)
  A stone giant zombie (Abyss:5)
  4 wolf spiders
  4 oklob plants
  9 mana vipers
  55 ugly things
  11 salamanders
  6 orc sorcerers
  7 cyclopes
  A shining eye (shapeshifter) (Snake:1)
  14 manticores
  An iron dragon skeleton (Crypt:3)
  12 elephants
  An elephant (shapeshifter) (Vaults:2)
  2 centaur zombies
  A frost giant skeleton (Crypt:1)
  11 guardian serpents
  10 moths of wrath
  A stone giant skeleton (Crypt:1)
  2 black mambas (shapeshifter)
  8 rust devils
  Maurice (Orc:2)
  15 naga magi
  Psyche (D:11)
  A water nymph (Vaults:1)
  2 gargoyles
  A guardian serpent (shapeshifter) (Vaults:5)
  An ice statue (IceCv)
  21 vault sentinels
  16 black mambas
  16 cane toads
  A dire elephant zombie (Crypt:3)
  A torpor snail (shapeshifter) (Swamp:4)
  6 smoke demons
  A rime drake (Lair:4)
  An efreet (Abyss:4)
  A hellion (Hell)
  A redback zombie (D:15)
  4 kobold demonologists
  An emperor scorpion zombie (Crypt:1)
  3 anaconda simulacra (IceCv)
  43 yaktaurs
  3 ancient zymes
  12 freezing wraiths
  13 komodo dragons
  11 ice devils
  3 hydra zombies
  A pale draconian skeleton (Crypt:1)
  4 tengu conjurers
  A death yak skeleton (Crypt:2)
  A golden dragon simulacrum (IceCv)
  A silent spectre (Abyss:5)
  A merfolk (D:15)
  3 meliai (D:14)
  8 raiju
  A hydra skeleton (Crypt:1)
  31 slime creatures
  12 trolls
  11 tyrant leeches
  2 polar bears (Lair:5)
  A harpy skeleton (Crypt:3)
  2 jumping spiders
  Prince Ribbit (D:9)
  9 hippogriffs
  13 hornets
  An ice dragon zombie (Crypt:3)
  2 blink frogs (shapeshifter)
  A wolf spider simulacrum (IceCv)
  A hippogriff (shapeshifter) (Depths:1)
  An ettin zombie (Crypt:1)
  A fire dragon zombie (Crypt:3)
  2 snapping turtles
  10 bog bodies
  8 dream sheep
  24 blink frogs
  A fire dragon skeleton (Crypt:3)
  33 flying skulls (Crypt:3)
  13 water elementals
  A tarantella (Orc:2)
  4 vampires (WizLab)
  12 redbacks
  6 air elementals
  5 shadows
  An alligator skeleton (Hell)
  3 ynoxinuls (Abyss:4)
  3 dire elephant simulacra (IceCv)
  20 yaks
  4 basilisks
  12 spriggans
  7 wraiths
  A hog (Vaults:1)
  9 humans (D:14)
  A chaos spawn (Abyss:4)
  A golden eye (shapeshifter) (Vaults:1)
  9 fire elementals
  2 neqoxecs
  3 swamp worm simulacra (Swamp:4)
  26 vampire mosquitoes
  A human (shapeshifter) (Vaults:3)
  11 insubstantial wisps
  2 spatial vortices (Abyss:4)
  An iron troll simulacrum (IceCv)
  32 nagas
  18 hydra simulacra
  13 swamp worms
  9 water moccasins
  6 two-headed ogre zombies (WizLab)
  6 wargs
  3 harpy simulacra (IceCv)
  2 acid dragons
  11 hell hounds
  A floating eye (Depths:4)
  5 porcupines
  A two-headed ogre skeleton (Crypt:1)
  7 swamp drakes
  3 ice beasts
  A sky beast (D:14)
  A swamp dragon zombie (Crypt:2)
  23 ogres
  2 necrophages (Crypt:3)
  58 orc warriors
  A hornet zombie (D:12)
  An eye of draining (Abyss:5)
  12 wolves
  A swamp dragon skeleton (Crypt:1)
  14 centaurs
  4 phantoms
  19 crocodiles
  A snapping turtle skeleton (Abyss:4)
  An elephant skeleton (Crypt:2)
  A crocodile (shapeshifter) (Depths:3)
  15 bullfrogs
  3 big kobolds
  A wyvern zombie (D:14)
  A yaktaur skeleton (Crypt:2)
  2 cane toad simulacra (Hell)
  5 earth elementals
  A glowing shapeshifter simulacrum (Vaults:3)
  A wyvern skeleton (Crypt:1)
  10 troll zombies (WizLab)
  A cyclops skeleton (Crypt:2)
  4 scorpions
  19 wights
  A howler monkey (D:10)
  An electric eel (Elf:3)
  3 bullfrog zombies
  8 hounds
  A draconian simulacrum (IceCv)
  24 orc priests
  5 jellies
  22 orc wizards
  3 bullfrog skeletons
  7 centaur skeletons
  A gnoll shaman (D:4)
  An iron imp (Depths:3)
  2 iguanas
  13 worker ants
  8 hell rats
  A spriggan simulacrum (IceCv)
  2 polar bear simulacra (IceCv)
  5 troll simulacra (IceCv)
  2 wolf simulacra (IceCv)
  3 ogre zombies (WizLab)
  A naga zombie (Crypt:3)
  A naga skeleton (Crypt:3)
  A hound skeleton (D:6)
  12 gnolls
  3 ogre simulacra (IceCv)
  9 adders
  A howler monkey skeleton (D:9)
  16 river rats
  2 naga simulacra (IceCv)
  7 white imps
  5 ufetubi
  4 swamp drake simulacra (Swamp:4)
  2 worms (D:2)
  A barachi zombie (Crypt:2)
  3 leopard geckos
  118 orcs
  7 giant cockroaches
  12 goblins
  8 hobgoblins
  11 jackals
  40 kobolds
  6 quokkas
  4 ball pythons
  8 bats
  3 frilled lizards
  An orc zombie (Crypt:1)
  A quokka skeleton (D:4)
  A quokka zombie (D:5)
  14 rats
  9 crawling corpses
  A fungus (D:3)
  4 plants
  4 starspawn tentacles (Abyss:4)
2542 creatures vanquished.

Vanquished Creatures (collateral kills)
  Jory (Crypt:2)
  A golden dragon (Zot:2)
  A deep elf blademaster (Elf:3)
  2 nagarajas
  A draconian scorcher (Zot:2)
  A draconian shifter (Zot:2)
  A draconian stormcaller (Zot:2)
  2 red draconians
  A blizzard demon (IceCv)
  A green death (Hell)
  2 hydras
  2 spriggans (Swamp:2)
  A sun demon (Hell)
  A wretched star (Abyss:5)
  4 hell knights (Hell)
  A phantasmal warrior (Crypt:2)
  An obsidian statue (D:11)
  A necromancer (Hell)
  A swamp dragon (shapeshifter) (Swamp:4)
  3 orc knights (Orc:2)
  A deep elf mage (Elf:3)
  A rust devil (Hell)
  2 naga magi (Snake:4)
  A smoke demon (Abyss:4)
  2 guardian serpents (Snake:4)
  An ice devil (Hell)
  An anaconda simulacrum (IceCv)
  A hornet (Swamp:2)
  A bog body (Swamp:4)
  5 blink frogs
  2 slime creatures (Swamp:4)
  A yak (Lair:3)
  A small abomination (Abyss:5)
  4 vampire mosquitoes (Swamp:4)
  7 nagas (Snake:4)
  2 wargs (Orc:2)
  2 swamp worms
  3 insubstantial wisps (Swamp:4)
  8 orc warriors (Orc:2)
  A swamp drake (Swamp:4)
  An ogre (Depths:1)
  An orc wizard (Orc:2)
  A river rat (Lair:1)
  11 orcs (Orc:2)
  A crawling corpse (Elf:3)
  2 plants (D:11)
93 creatures vanquished.

Vanquished Creatures (others)
  Margery (Crypt:2)
  A draconian monk (Zot:2)
  A deep elf sorcerer (Elf:3)
  A draconian shifter (Zot:4)
  A green draconian (Zot:3)
  2 red draconians
  A yellow draconian (Zot:2)
  A small abomination (Vaults:5)
  A fire dragon (Elf:2)
  An anaconda (Snake:4)
  A deep elf death mage (Elf:3)
  A rakshasa (Abyss:5)
  A two-headed ogre (Vaults:5)
  A naga sharpshooter (Snake:4)
  A starcursed mass (Abyss:4)
  A deep elf mage (Elf:2)
  A cyclops (shapeshifter) (Zot:3)
  A moth of wrath (Zot:2)
  A golden dragon simulacrum (IceCv)
  A hydra zombie (Hell)
  A wraith (Crypt:1)
  A vampire mosquito (Swamp:3)
  A swamp worm simulacrum (Swamp:4)
  2 hydra simulacra
  A swamp drake (Swamp:4)
  An ogre (Vaults:3)
  A necrophage (Crypt:3)
  An orc (Orc:2)
  6 fungi
  21 plants
  9 starspawn tentacles
  7 toadstools (D:1)
73 creatures vanquished.

Grand Total: 2708 creatures vanquished

Notes
Turn   | Place    | Note
-------+----------+-------------------------------------------
     0 | D:5      | Ge0ff the Kobold Delver began the quest for the Orb.
     0 | D:5      | Reached XP level 1. HP: 14/14 MP: 1/1
    13 | D:6      | Noticed a bullfrog
    18 | D:6      | Killed a bullfrog
    18 | D:6      | Reached skill level 4 in Short Blades
    18 | D:6      | Reached XP level 2. HP: 9/19 MP: 2/2
    18 | D:6      | Reached XP level 3. HP: 11/23 MP: 3/3
    18 | D:6      | Reached XP level 4. HP: 13/28 MP: 4/4
   183 | D:6      | Noticed a phantom
   286 | D:4      | Reached XP level 5. HP: 18/32 MP: 5/5
   405 | D:4      | Reached skill level 5 in Short Blades
   475 | D:4      | Noticed an ogre
   479 | D:4      | Killed an ogre
   479 | D:4      | Reached skill level 6 in Short Blades
   479 | D:4      | Reached XP level 6. HP: 22/37 MP: 6/6
   599 | D:4      | Noticed an ogre
   603 | D:4      | Killed an ogre
   668 | D:4      | Found a glowing drain.
   678 | Sewer    | Entered a sewer
   846 | Sewer    | Reached XP level 7. HP: 32/41 MP: 7/7
   941 | Sewer    | Found a white marble altar of Elyvilon.
  1512 | D:4      | Reached skill level 1 in Armour
  2147 | D:5      | Reached skill level 7 in Short Blades
  2969 | D:5      | Reached skill level 10 in Stealth
  2992 | D:5      | Reached XP level 8. HP: 38/48 MP: 8/8
  3294 | D:6      | Found a burning altar of Makhleb.
  3294 | D:6      | Found a glowing silver altar of Zin.
  3295 | D:6      | Noticed an angel
  3295 | D:6      | Noticed a green death
  3343 | D:6      | Found a staircase to the Ecumenical Temple.
  3349 | Temple   | Entered the Ecumenical Temple
  3478 | Temple   | Became a worshipper of Ashenzari the Shackled
  4857 | D:2      | Reached * piety under Ashenzari
  4968 | D:2      | Found a faded altar of an unknown god.
  5085 | D:2      | Found a basalt altar of Yredelemnul.
  5671 | D:3      | Found a blossoming altar of Fedhas.
  6096 | D:3      | Noticed an oklob plant
  6353 | D:3      | Gained mutation: You are occasionally teleported next to
                  | monsters. [potion of mutation]
  6353 | D:3      | Gained mutation: Your magical capacity is low. (-10% MP)
                  | [potion of mutation]
  6353 | D:3      | Gained mutation: You have a somewhat thin skeletal
                  | structure. (Dex +2, Stealth) [potion of mutation]
  6354 | D:3      | Lost mutation: Your magical capacity is low. (-10% MP)
                  | [potion of mutation]
  6354 | D:3      | Gained mutation: Your magical capacity is low. (-10% MP)
                  | [potion of mutation]
  6354 | D:3      | Gained mutation: Your mind is acute. (Int +2) [potion of
                  | mutation]
  6355 | D:3      | Lost mutation: Your mind is acute. (Int +2) [potion of
                  | mutation]
  6355 | D:3      | Lost mutation: Your magical capacity is low. (-10% MP)
                  | [potion of mutation]
  6355 | D:3      | Lost mutation: You have a somewhat thin skeletal structure.
                  | (Dex +2, Stealth) [potion of mutation]
  6355 | D:3      | Gained mutation: Your flesh is cold resistant. (rC+)
                  | [potion of mutation]
  6355 | D:3      | Gained mutation: Your body sometimes deteriorates upon
                  | taking damage. [potion of mutation]
  6355 | D:3      | Gained mutation: Your mind is acute. (Int +2) [potion of
                  | mutation]
  6455 | D:6      | Reached skill level 5 in Fighting
  6455 | D:6      | Reached skill level 8 in Short Blades
  6463 | D:6      | Found an ornate altar of the Wu Jian Council.
  6942 | D:6      | Reached XP level 9. HP: 54/54 MP: 9/9
  7810 | D:7      | Reached ** piety under Ashenzari
  7827 | D:7      | Reached skill level 9 in Short Blades
  8288 | D:7      | Reached skill level 1 in Throwing
  8685 | D:7      | Reached skill level 1 in Evocations
  8916 | D:8      | Found a sparkling altar of Nemelex Xobeh.
  8922 | D:8      | Noticed a hippogriff
  8926 | D:8      | Killed a hippogriff
  9019 | D:8      | Noticed a two-headed ogre
  9023 | D:8      | Killed a two-headed ogre
  9023 | D:8      | Reached skill level 1 in Shields
  9023 | D:8      | Reached XP level 10. HP: 61/61 MP: 10/10
  9062 | D:8      | Found a shadowy altar of Dithmenos.
  9144 | D:8      | Reached skill level 5 in Dodging
 10002 | D:9      | Found a staircase to the Lair.
 10261 | D:3      | Killed an oklob plant
 10402 | D:9      | Noticed Prince Ribbit
 10412 | D:9      | Killed Prince Ribbit
 10737 | D:9      | Found a stormy altar of Qazlal.
 10754 | D:10     | Entered Level 10 of the Dungeon
 10854 | D:9      | Reached skill level 10 in Short Blades
 11563 | D:10     | Found Wozutt's Antique Armour Shoppe.
 11568 | D:10     | Bought the +2 ratskin cloak {*Rats rPois rN+ Str-1 Int-1
                  | Dex+1} for 500 gold pieces
 11568 | D:10     | Found the +2 ratskin cloak {*Rats rPois rN+ Str-1 Int-1
                  | Dex+1}
 12141 | D:10     | Reached XP level 11. HP: 57/67 MP: 11/11
 12181 | D:10     | Found a staircase to the Orcish Mines.
 12291 | D:10     | Reached *** piety under Ashenzari
 12495 | Lair:1   | Entered Level 1 of the Lair of Beasts
 12613 | Lair:1   | Reached skill level 5 in Evocations
 13348 | Lair:2   | Noticed Urug
 13352 | Lair:2   | Killed Urug
 13352 | Lair:2   | Reached skill level 5 in Throwing
 13524 | Lair:2   | Reached skill level 11 in Short Blades
 14581 | Lair:3   | Reached **** piety under Ashenzari
 14626 | Lair:3   | Got the uncursed ring mail "Plog" {rElec Str+3 Dex+3}
 14645 | Lair:3   | Identified the +3 ring mail "Plog" {rElec Str+3 Dex+3} (You
                  | found it on level 3 of the Lair of Beasts)
 14664 | Lair:3   | Noticed an elephant
 14665 | Lair:3   | Noticed an elephant
 14668 | Lair:3   | Killed an elephant
 14669 | Lair:3   | Noticed an elephant
 14670 | Lair:3   | Killed an elephant
 14670 | Lair:3   | Reached XP level 12. HP: 75/75 MP: 12/12
 14748 | Lair:3   | Lost mutation: Your flesh is cold resistant. (rC+) [potion
                  | of mutation]
 14748 | Lair:3   | Lost mutation: Your mind is acute. (Int +2) [potion of
                  | mutation]
 14748 | Lair:3   | Gained mutation: Potions are less effective at restoring
                  | your health. [potion of mutation]
 14748 | Lair:3   | Gained mutation: Your flesh is heat resistant. (rF+)
                  | [potion of mutation]
 14758 | Lair:3   | Got the uncursed robe of Pejug {rElec rN+ Dex-2}
 15140 | Lair:3   | Noticed a four-headed hydra
 15149 | Lair:3   | Killed a four-headed hydra
 15499 | Lair:4   | Found a staircase to the Swamp.
 15575 | Lair:4   | Reached skill level 5 in Armour
 15901 | Lair:4   | Reached skill level 12 in Short Blades
 16271 | Lair:4   | Noticed a six-headed hydra
 16291 | Lair:4   | Killed a six-headed hydra
 16736 | Lair:4   | Found a staircase to the Snake Pit.
 16835 | Lair:5   | Noticed a four-headed hydra
 16835 | Lair:5   | Noticed a five-headed hydra
 16946 | Lair:5   | Killed a four-headed hydra
 16955 | Lair:5   | Killed a five-headed hydra
 16963 | Lair:5   | Noticed a death yak
 16963 | Lair:5   | Noticed a death yak
 16964 | Lair:5   | Noticed a death yak
 16964 | Lair:5   | Noticed a death yak
 17000 | Lair:4   | Killed a death yak
 17000 | Lair:4   | Reached XP level 13. HP: 34/81 MP: 13/13
 17183 | Lair:5   | Reached skill level 10 in Fighting
 17343 | Lair:5   | Found a viscous altar of Jiyva.
 17343 | Lair:5   | Found a staircase to the Slime Pits.
 17602 | Lair:5   | Reached skill level 15 in Stealth
 17843 | Lair:5   | Reached ***** piety under Ashenzari
 17852 | Lair:5   | Reached skill level 13 in Short Blades
 18024 | Lair:5   | Learned a level 2 spell: Blink
 18030 | Lair:5   | Learned a level 4 spell: Passage of Golubria
 18036 | Lair:5   | Learned a level 5 spell: Borgnjor's Vile Clutch
 18449 | Lair:6   | Entered Level 6 of the Lair of Beasts
 18593 | Lair:6   | Noticed a six-headed hydra
 18644 | Lair:6   | Killed a six-headed hydra
 18716 | Lair:6   | Reached skill level 10 in Evocations
 18796 | Lair:6   | Reached XP level 14. HP: 88/88 MP: 11/14
 19226 | Lair:6   | Reached skill level 10 in Dodging
 19231 | Lair:6   | Noticed a dire elephant
 19231 | Lair:6   | Noticed a dire elephant
 19253 | Lair:6   | Killed a dire elephant
 19253 | Lair:6   | Killed a dire elephant
 19264 | Lair:6   | Got the uncursed plate armour of Infinity {+Blink rElec
                  | rC-}
 19343 | Lair:6   | Noticed a dire elephant
 19358 | Lair:6   | Killed a dire elephant
 19358 | Lair:6   | Reached skill level 1 in Spellcasting
 19358 | Lair:6   | Reached skill level 1 in Necromancy
 19358 | Lair:6   | Reached skill level 1 in Translocations
 19358 | Lair:6   | Reached skill level 1 in Earth Magic
 19413 | Lair:6   | Noticed a dire elephant
 19436 | Lair:6   | Killed a dire elephant
 19658 | Lair:6   | Reached skill level 14 in Short Blades
 19782 | Lair:6   | Noticed a dire elephant
 19789 | Lair:6   | Killed a dire elephant
 19792 | Lair:6   | Noticed a dire elephant
 19804 | Lair:6   | Killed a dire elephant
 20218 | D:11     | Identified the amulet "Peschoyrurr" {RegenMP rPois}
 20291 | D:11     | Noticed Harold
 20295 | D:11     | Killed Harold
 20316 | D:11     | Found Usaeh's Distillery.
 20348 | D:11     | Found the +0 staff of Battle
 20577 | D:11     | Found Raufaega's Retail Resort.
 20906 | D:11     | Noticed Psyche
 20917 | D:11     | Killed Psyche
 21188 | D:12     | Noticed Nergalle
 21193 | D:12     | Killed Nergalle
 21201 | D:12     | Found a flagged portal.
 21254 | Bailey   | Entered a bailey
 21701 | D:12     | Reached XP level 15. HP: 95/95 MP: 18/18
 22250 | D:12     | Found a hazy altar of Hepliaklqana.
 23800 | D:14     | Noticed Rupert
 23802 | D:14     | Killed Rupert
 23877 | D:14     | Learned a level 5 spell: Yara's Violent Unravelling
 24006 | D:14     | Found a gate to the Vaults.
 24009 | D:14     | Reached skill level 1 in Hexes
 24034 | D:14     | Identified the +0 tower shield "Vaoluq" {rC+}
 24067 | D:14     | Reached skill level 15 in Short Blades
 24067 | D:14     | Reached XP level 16. HP: 101/101 MP: 21/21
 24170 | D:10     | Bought the +2 shield of Resistance {rF+ rC+ MR+} for 739
                  | gold pieces
 24170 | D:10     | Found the +2 shield of Resistance {rF+ rC+ MR+}
 24492 | D:14     | Reached skill level 1 in Transmutations
 25383 | D:15     | Entered Level 15 of the Dungeon
 25585 | D:15     | Reached ****** piety under Ashenzari
 25659 | D:15     | Reached skill level 16 in Short Blades
 25663 | D:15     | Found a staircase to the Depths.
 25664 | D:15     | Reached XP level 17. HP: 83/106 MP: 14/23
 26227 | D:15     | Lost mutation: Your body sometimes deteriorates upon taking
                  | damage. [potion of mutation]
 26227 | D:15     | Gained mutation: Your flesh is very heat resistant. (rF++)
                  | [potion of mutation]
 26227 | D:15     | Gained mutation: You have sharp toenails. [potion of
                  | mutation]
 26940 | Orc:1    | Entered Level 1 of the Orcish Mines
 27029 | Orc:1    | Found a transporter.
 27046 | Orc:1    | Found a transporter.
 27046 | Orc:1    | Found a roughly hewn altar of Beogh.
 27269 | Orc:1    | Got the cursed chain mail of Gestures {Slay+3}
 27619 | Orc:2    | Entered Level 2 of the Orcish Mines
 27623 | Orc:2    | Noticed Jorgrun
 27627 | Orc:2    | Killed Jorgrun
 27667 | Orc:2    | Noticed Nessos
 27670 | Orc:2    | Noticed Nessos
 27670 | Orc:2    | Nessos changed into Nessos the tarantella
 27672 | Orc:2    | Killed Nessos the tarantella
 27791 | Orc:2    | Found Ehari's Assorted Antiques.
 27795 | Orc:2    | Found Nowkaug's Assorted Antiques.
 28224 | Orc:2    | Found a staircase to the Elven Halls.
 28355 | Orc:2    | Found Lostrari's Distillery.
 28470 | Orc:2    | Found Afaq's Assorted Antiques.
 28700 | Orc:2    | Noticed Maurice
 28705 | Orc:2    | Killed Maurice
 28706 | Orc:2    | Noticed Saint Roka
 28873 | Orc:2    | Killed Saint Roka
 28873 | Orc:2    | Reached skill level 5 in Spellcasting
 28981 | Orc:2    | Bought a scroll of remove curse for 117 gold pieces
 29002 | Orc:2    | Found a roughly hewn altar of Beogh.
 29522 | Swamp:1  | Entered Level 1 of the Swamp
 29988 | Swamp:1  | Found the +2 cloak of the Thief {+Fog Slay-2 SInv Stlth+}
 30398 | Swamp:1  | Learned a level 3 spell: Confusing Touch
 30423 | Swamp:1  | Reached skill level 5 in Earth Magic
 30644 | Swamp:2  | Reached skill level 5 in Hexes
 30644 | Swamp:2  | Reached skill level 5 in Necromancy
 30759 | Swamp:2  | Reached XP level 18. HP: 112/112 MP: 22/25
 30951 | Swamp:2  | Reached skill level 5 in Translocations
 31325 | Swamp:2  | Reached skill level 5 in Shields
 31570 | Swamp:2  | Noticed Frances
 31574 | Swamp:2  | Killed Frances
 31860 | Swamp:3  | Got the uncursed leather armour of Resourcefulness {Int+2
                  | Stlth+}
 32088 | Swamp:4  | Entered Level 4 of the Swamp
 32351 | Swamp:4  | Learned a level 5 spell: Summon Mana Viper
 32657 | Swamp:3  | Reached skill level 1 in Summonings
 33699 | Swamp:4  | Reached XP level 19. HP: 118/118 MP: 28/28
 33714 | Swamp:4  | Identified a scroll of acquirement
 34150 | Swamp:4  | Reached skill level 5 in Transmutations
 34162 | Swamp:4  | Got a decaying rune of Zot
 34538 | Snake:1  | Entered Level 1 of the Snake Pit
 34658 | Snake:1  | Found a frozen archway.
 34684 | IceCv    | Entered an ice cave
 35341 | IceCv    | Got the cursed hand crossbow of Hull {freeze, rN+ Str+3
                  | Int-4 Dex+3}
 36272 | Snake:2  | Noticed Roxanne
 36447 | Snake:2  | Killed Roxanne
 36456 | Snake:2  | Learned a level 5 spell: Irradiate
 36763 | Snake:2  | Found Farchyts's Jewellery Shoppe.
 36908 | Snake:2  | Noticed Nikola
 36909 | Snake:2  | Killed Nikola
 36909 | Snake:2  | Reached skill level 17 in Short Blades
 36909 | Snake:2  | Reached skill level 1 in Conjurations
 37007 | Snake:2  | Noticed Aizul
 37014 | Snake:2  | Killed Aizul
 37900 | Snake:3  | Acquired a cursed +7 quick blade
 38304 | Snake:3  | Found a runed translucent gate.
 38304 | Snake:3  | Found a runed translucent gate.
 38304 | Snake:3  | Found a runed translucent gate.
 38973 | Snake:3  | Noticed Rywnuynonna's ghost (adept HuWn)
 38973 | Snake:3  | Noticed Faiveas's ghost (journeyman OgAr)
 38973 | Snake:3  | Noticed Xuhuq's ghost (adept DsFi)
 38975 | Snake:3  | Killed Rywnuynonna's ghost
 38977 | Snake:3  | Killed Xuhuq's ghost
 38979 | Snake:3  | Killed Faiveas's ghost
 39015 | Snake:3  | Identified the cursed +1 chain mail of Gestures {Slay+3}
                  | (You found it on level 1 of the Orcish Mines)
 39015 | Snake:3  | Identified the +1 robe of Pejug {rElec rN+ Dex-2} (You
                  | found it on level 3 of the Lair of Beasts)
 39015 | Snake:3  | Identified the +3 leather armour of Resourcefulness {Int+2
                  | Stlth+} (You found it on level 3 of the Swamp)
 39156 | Lair:1   | Lost mutation: Potions are less effective at restoring your
                  | health. [potion of mutation]
 39156 | Lair:1   | Lost mutation: You are occasionally teleported next to
                  | monsters. [potion of mutation]
 39156 | Lair:1   | Lost mutation: Your flesh is very heat resistant. (rF++)
                  | [potion of mutation]
 39156 | Lair:1   | Gained mutation: You have very sharp teeth. [potion of
                  | mutation]
 39156 | Lair:1   | Gained mutation: You possess an exceptional clarity of
                  | mind. [potion of mutation]
 39156 | Lair:1   | Gained mutation: Your muscles are strong. (Str +2) [potion
                  | of mutation]
 39274 | Snake:4  | Entered Level 4 of the Snake Pit
 39349 | Snake:4  | Reached XP level 20. HP: 97/124 MP: 23/30
 40156 | Snake:4  | Got a serpentine rune of Zot
 40733 | Snake:4  | Found Jeenul's Gadget Shop.
 40733 | Snake:4  | Found Mudop's Gadget Shop.
 40734 | Snake:4  | Found Katzar's Jewellery Shoppe.
 40738 | Snake:4  | Bought a condenser vane (2/2) for 380 gold pieces
 41157 | Snake:4  | Found a snail-covered altar of Cheibriados.
 41757 | Elf:1    | Entered Level 1 of the Elven Halls
 41757 | Elf:1    | Found Zibemiuc's Assorted Antiques.
 41839 | Orc:2    | Bought a hardcover book for 420 gold pieces
 41902 | Elf:1    | Bought a steaming kite shield for 256 gold pieces
 41902 | Elf:1    | Identified the +5 kite shield of the Blacksmith {+Inv +Fly
                  | rF- rC+ MR+} (You bought it in a shop on level 1 of the
                  | Elven Halls)
 41902 | Elf:1    | Bought a potion of curing for 81 gold pieces
 41902 | Elf:1    | Bought a scroll of remove curse for 81 gold pieces
 41902 | Elf:1    | Bought a scroll of magic mapping for 94 gold pieces
 42290 | Elf:1    | Identified the +3 leather armour of Discretion {rF+ Dex+2}
 42415 | Elf:1    | Reached skill level 5 in Summonings
 42477 | Elf:1    | Found Cyideato's Assorted Antiques.
 42482 | Elf:1    | Bought a scroll of enchant weapon for 202 gold pieces
 42482 | Elf:1    | Bought a scroll of immolation for 94 gold pieces
 42482 | Elf:1    | Bought a scroll of immolation for 94 gold pieces
 42482 | Elf:1    | Bought a scroll of enchant armour for 202 gold pieces
 42482 | Elf:1    | Bought a bloodstained ring mail for 243 gold pieces
 42482 | Elf:1    | Identified the cursed +1 ring mail "Xonlut" {-Cast rF+++
                  | rCorr Stlth-} (You bought it in a shop on level 1 of the
                  | Elven Halls)
 42660 | Elf:1    | Found Gestriq's Jewellery Shop.
 42755 | Elf:1    | Found Tioto's General Store.
 43210 | Elf:1    | Reached skill level 5 in Conjurations
 43561 | Elf:1    | Reached XP level 21. HP: 130/130 MP: 29/32
 44223 | Elf:2    | Reached skill level 10 in Throwing
 44421 | Elf:2    | Found a runed translucent gate.
 44421 | Elf:2    | Found a runed translucent gate.
 44423 | Elf:2    | Found a runed translucent gate.
 44904 | Elf:3    | Entered Level 3 of the Elven Halls
 45927 | Elf:3    | Reached XP level 22. HP: 131/136 MP: 31/34
 45967 | Elf:3    | Identified the cursed ring of Cheibriados's Whim {rN+ Str-4
                  | Stlth+}
 45983 | Elf:3    | Identified the +4 plate armour of Roxythy {rElec Int+2}
 45983 | Elf:3    | Identified the ring "Huco" {Fire Int+5 SInv}
 45990 | Elf:3    | Identified the +5 trident of Peow {protect, Int+4 Dex+3}
 45993 | Elf:3    | Identified the +8 morningstar of Irutej {holy, *Drain rF+++
                  | rC- Int+4}
 45999 | Elf:3    | Identified the +3 hand axe of Wyrd {vorpal, Int+4}
 46137 | Elf:3    | Learned a level 6 spell: Statue Form
 46370 | Elf:3    | Identified the +5 scale mail "Pofenesh" {MP+9 Stlth+}
 46453 | Elf:3    | Identified the +1 scale mail of the Wary Visionaries {+Inv
                  | Str+3 Int-3 Stlth+}
 46548 | Elf:3    | Identified the ring "Diujifyn" {Ice rPois Int+4 SInv
                  | Stlth+}
 47454 | Vaults:1 | Entered Level 1 of the Vaults
 48343 | Vaults:1 | Found Xugon Ojic's Magic Scroll Emporium.
 48350 | Vaults:1 | Bought a scroll of enchant armour for 142 gold pieces
 48350 | Vaults:1 | Bought a scroll of enchant armour for 142 gold pieces
 48350 | Vaults:1 | Bought a scroll of enchant weapon for 142 gold pieces
 48371 | Vaults:1 | Reached skill level 18 in Short Blades
 48375 | Vaults:1 | Identified the +0 pair of boots of Melancholy {rPois Dex+2}
 48463 | Vaults:1 | Found Norrabir's Armour Shoppe.
 48498 | Vaults:1 | Found Ceikk's Distillery.
 48567 | Vaults:1 | Found Ifuehaqi's Antique Armour Shoppe.
 48669 | Vaults:1 | Bought a potion of cancellation for 136 gold pieces
 50125 | Vaults:2 | Found a staircase to the Crypt.
 50127 | Vaults:2 | Reached XP level 23. HP: 142/142 MP: 36/36
 51717 | Vaults:3 | Found Ampuqiv's Book Emporium.
 51722 | Vaults:3 | Bought a book of Geomancy for 525 gold pieces
 51725 | Vaults:3 | Learned a level 2 spell: Passwall
 51740 | Vaults:3 | Noticed Sojobo
 51741 | Vaults:3 | Reached skill level 10 in Shields
 51760 | Vaults:3 | Killed Sojobo
 51880 | Vaults:3 | Found a runed translucent gate.
 51880 | Vaults:3 | Found a runed translucent gate.
 51880 | Vaults:3 | Found a runed translucent gate.
 51882 | Vaults:3 | Noticed Plog's ghost (adept FeBe)
 51933 | Vaults:3 | Noticed Mara
 51945 | Vaults:3 | Killed Mara
 52650 | Vaults:3 | Reached XP level 24. HP: 122/149 MP: 29/36
 52700 | Vaults:3 | Learned a level 5 spell: Lee's Rapid Deconstruction
 52835 | Vaults:3 | Reached skill level 10 in Spellcasting
 52868 | Vaults:3 | Found Len Seloik's Jewellery Shoppe.
 53060 | Vaults:3 | Noticed Asterion
 53062 | Vaults:3 | Killed Asterion
 53064 | Vaults:3 | Reached skill level 10 in Hexes
 53069 | Vaults:3 | Noticed Frederick
 53072 | Vaults:3 | Killed Frederick
 53154 | Vaults:3 | Killed Plog's ghost
 53173 | Vaults:3 | Identified the cursed +0 pair of boots of Burnt
                  | Satisfaction {+Blink}
 53727 | Vaults:3 | Found Len Seloik's Jewellery Shoppe.
 54379 | Vaults:4 | Found Coeh's Magic Scroll Shoppe.
 54416 | Vaults:4 | Found Kaujat's Jewellery Boutique.
 54453 | Vaults:4 | Found Lirini's Book Shop.
 54509 | Vaults:4 | Found a flickering gateway to a bazaar.
 54517 | Bazaar   | Entered a bazaar
 54526 | Bazaar   | Found Xizematoe's Jewellery Boutique.
 54543 | Bazaar   | Found Xosui's Antique Armour Shoppe.
 54560 | Bazaar   | Found Zengav's Book Boutique.
 54579 | Bazaar   | Found Viogot's Antique Weapon Emporium.
 55235 | Vaults:4 | Found a roughly hewn altar of Beogh.
 55734 | Vaults:5 | Entered Level 5 of the Vaults
 55745 | Vaults:5 | Reached skill level 15 in Fighting
 55748 | Vaults:5 | Reached skill level 15 in Dodging
 56006 | Crypt:1  | Entered Level 1 of the Crypt
 56049 | Crypt:1  | Reached skill level 19 in Short Blades
 56377 | Crypt:1  | Found a runed translucent gate.
 56378 | Crypt:1  | Found a runed translucent gate.
 56379 | Crypt:1  | Found a runed translucent gate.
 56386 | Crypt:1  | Noticed Etulorun's ghost (veteran MiBe)
 56545 | Crypt:1  | Identified the ring of Fatigue {rC+++ MR+ Str-5 Dex-2 SInv}
 56573 | Crypt:1  | Identified the +11 arbalest of Puahas {elec, *Slow Dex+2
                  | SInv}
 56598 | Crypt:1  | Killed Etulorun's ghost
 56954 | Crypt:1  | Reached XP level 25. HP: 156/156 MP: 35/37
 57544 | Crypt:2  | Noticed Donald
 57548 | Crypt:2  | Killed Donald
 57604 | Crypt:2  | Noticed Margery
 57619 | Crypt:2  | Killed Margery
 57891 | Crypt:2  | Noticed Jory
 57998 | Crypt:2  | Found a runed translucent door.
 58000 | Crypt:2  | Noticed Taeseit's ghost (veteran GrFi)
 58004 | Crypt:2  | Noticed an ancient lich
 58005 | Crypt:2  | Killed Taeseit's ghost
 58007 | Crypt:2  | Killed an ancient lich
 58407 | Crypt:2  | Killed Jory
 59410 | Vaults:3 | Bought the ring of Jownin {rF++ rN+} for 623 gold pieces
 59502 | Crypt:3  | Entered Level 3 of the Crypt
 60182 | Crypt:3  | Noticed an ancient lich
 60244 | Crypt:3  | Found an ancient bone altar of Kikubaaqudgha.
 60282 | Crypt:3  | Found the +8 demon blade "Leech" {vamp, *Rage +Rage rN+}
 60288 | Crypt:3  | Got the cursed shortbow "Ugareac" {speed, Str+2 Stlth+}
 60318 | Crypt:3  | Killed an ancient lich
 60529 | Crypt:3  | Reached XP level 26. HP: 161/161 MP: 33/38
 60612 | Crypt:3  | Found a staircase to the Tomb.
 60847 | Crypt:3  | Noticed Bai Suzhen
 60851 | Crypt:3  | Killed Bai Suzhen
 61241 | Crypt:3  | Reached skill level 10 in Armour
 61457 | Vaults:3 | Bought the ring of the Mage {Wiz MR++ Int+3} for 723 gold
                  | pieces
 61457 | Vaults:3 | Found the ring of the Mage {Wiz MR++ Int+3}
 62471 | Vaults:5 | Reached skill level 15 in Evocations
 62717 | Vaults:5 | Found Xauhoth's Distillery.
 62725 | Vaults:5 | Reached skill level 20 in Short Blades
 62797 | Vaults:5 | Found Zuptoef's Distillery.
 63025 | Vaults:5 | Reached XP level 27. HP: 168/168 MP: 21/39
 63059 | Vaults:5 | Found Ytuma's Antique Armour Shoppe.
 63137 | Vaults:5 | Found Duemol's Antique Armour Shop.
 63142 | Vaults:5 | Bought a pair of embroidered boots for 375 gold pieces
 63154 | Vaults:5 | Noticed an ancient lich
 63782 | Vaults:5 | Killed an ancient lich
 64334 | Vaults:5 | Found Ekkaety's Book Shoppe.
 64342 | Vaults:5 | Got a silver rune of Zot
 64430 | Vaults:4 | Bought a scroll of remove curse for 42 gold pieces
 64901 | Depths:1 | Entered Level 1 of the Depths
 65028 | Depths:1 | Found a gateway to Hell.
 65401 | Depths:1 | Got the cursed short sword of Fenaxt {vorpal, rPois rC+
                  | Str+2 Dex-2}
 65402 | Depths:1 | Identified the cursed +1 short sword of Fenaxt {vorpal,
                  | rPois rC+ Str+2 Dex-2} (You found it on level 1 of the
                  | Depths)
 65407 | Depths:1 | Identified the +2 leather armour of Lesser Demons {rF- MR++
                  | Int+6}
 65429 | Depths:1 | Found a gateway to a ziggurat.
 65590 | Depths:1 | Found a one-way gate to the infinite horrors of the Abyss.
 66062 | Depths:2 | Found Hiblaiv's Elemental Accessories.
 66079 | Depths:2 | Got the cursed spear "Wuc Pynuma" {venom, +Rage rF+}
 66086 | Depths:2 | Acquired 2060 gold pieces
 66114 | Depths:2 | Learned a level 1 spell: Apportation
 66164 | Depths:2 | Reached skill level 21 in Short Blades
 66178 | Depths:2 | Got the short sword of the Ship {venom, MR++}
 66182 | Depths:2 | Identified the +1 short sword of the Ship {venom, MR++}
                  | (You found it on level 2 of the Depths)
 66807 | Hell     | Entered the Vestibule of Hell
 66824 | Hell     | Noticed Geryon
 66828 | Hell     | Killed Geryon
 67166 | Depths:3 | Identified the cursed +0 cloak "Cyonnots" {+Inv rElec
                  | Int+6}
 67401 | Depths:3 | Noticed a juggernaut
 67420 | Depths:3 | Killed a juggernaut
 67744 | Depths:3 | Found a one-way gate leading to the halls of Pandemonium.
 68660 | Depths:4 | Found a magical portal.
 68666 | WizLab   | Entered Zonguldrok's Shrine
 68931 | WizLab   | Reached skill level 22 in Short Blades
 68994 | WizLab   | Noticed an antique lich
 69002 | WizLab   | Killed an antique lich
 69009 | WizLab   | Found the +9 sword of Zonguldrok {reap}
 69017 | WizLab   | Identified An Early Guide to Spellcraft
 69187 | Depths:4 | Identified the Disquisition on Torrid Transmigration
 70253 | Depths:5 | Entered Level 5 of the Depths
 70495 | Depths:5 | Reached skill level 15 in Shields
 70658 | Depths:5 | Found a gate to the Realm of Zot.
 71107 | Hell     | Found a gateway to the decaying netherworld of Tartarus.
 71516 | Hell     | Found a gateway to the ashen valley of Gehenna.
 71846 | Hell     | Reached skill level 23 in Short Blades
 71888 | Hell     | Found a gateway to the Iron City of Dis.
 72158 | Hell     | Found a gateway to the freezing wastes of Cocytus.
 72380 | Depths:4 | Voluntarily entered the Abyss.
 72621 | Abyss:4  | Found a corrupted altar of Lugonu.
 72806 | Abyss:4  | Found a corrupted altar of Lugonu.
 73065 | Abyss:5  | Entered Level 5 of the Abyss
 73231 | Abyss:5  | Found a corrupted altar of Lugonu.
 73428 | Depths:4 | Escaped the Abyss
 73456 | Depths:4 | Voluntarily entered the Abyss.
 73531 | Abyss:4  | Found a corrupted altar of Lugonu.
 73544 | Abyss:4  | Got an abyssal rune of Zot
 73592 | Abyss:5  | Entered Level 5 of the Abyss
 73706 | Depths:4 | Escaped the Abyss
 73926 | D:11     | Bought a potion of might for 60 gold pieces
 73926 | D:11     | Bought a potion of heal wounds for 75 gold pieces
 73926 | D:11     | Bought a potion of heal wounds for 75 gold pieces
 73926 | D:11     | Bought a potion of haste for 150 gold pieces
 74138 | Snake:4  | Bought a wand of iceblast (10) for 266 gold pieces
 74138 | Snake:4  | Bought a wand of iceblast (6) for 190 gold pieces
 74138 | Snake:4  | Bought a wand of enslavement (8) for 190 gold pieces
 74138 | Snake:4  | Bought a wand of acid (10) for 532 gold pieces
 74138 | Snake:4  | Bought a wand of iceblast (5) for 171 gold pieces
 74389 | Elf:1    | Bought a potion of heal wounds for 135 gold pieces
 74389 | Elf:1    | Bought a potion of haste for 270 gold pieces
 74389 | Elf:1    | Bought a wand of iceblast (8) for 108 gold pieces
 74461 | Orc:2    | Bought a scroll of teleportation for 117 gold pieces
 74461 | Orc:2    | Bought a potion of might for 156 gold pieces
 74461 | Orc:2    | Bought a scroll of blinking for 292 gold pieces
 74554 | Elf:1    | Bought a potion of ambrosia for 128 gold pieces
 74554 | Elf:1    | Bought a scroll of fear for 56 gold pieces
 74651 | Orc:2    | Bought a potion of magic for 120 gold pieces
 74651 | Orc:2    | Bought a potion of heal wounds for 75 gold pieces
 74651 | Orc:2    | Bought a potion of magic for 120 gold pieces
 74651 | Orc:2    | Bought a potion of cancellation for 120 gold pieces
 74660 | Orc:2    | Bought a wand of iceblast (6) for 156 gold pieces
 74660 | Orc:2    | Bought a wand of enslavement (10) for 78 gold pieces
 74692 | Orc:2    | Bought a scroll of teleportation for 84 gold pieces
 74968 | Snake:4  | Bought a wand of paralysis (10) for 132 gold pieces
 74968 | Snake:4  | Bought a wand of paralysis (4) for 66 gold pieces
 74968 | Snake:4  | Bought a wand of digging (6) for 220 gold pieces
 75319 | Vaults:1 | Bought 2 potions of magic for 272 gold pieces
 75319 | Vaults:1 | Bought a potion of invisibility for 136 gold pieces
 75319 | Vaults:1 | Bought a potion of might for 68 gold pieces
 75319 | Vaults:1 | Bought a potion of might for 68 gold pieces
 75319 | Vaults:1 | Bought a potion of haste for 170 gold pieces
 75319 | Vaults:1 | Bought a potion of heal wounds for 85 gold pieces
 75319 | Vaults:1 | Bought a potion of magic for 136 gold pieces
 75434 | Vaults:5 | Bought a potion of might for 88 gold pieces
 75434 | Vaults:5 | Bought a potion of invisibility for 176 gold pieces
 75474 | Vaults:4 | Bought a scroll of fear for 49 gold pieces
 75474 | Vaults:4 | Bought a scroll of holy word for 105 gold pieces
 75474 | Vaults:4 | Bought a scroll of immolation for 49 gold pieces
 75474 | Vaults:4 | Bought a scroll of blinking for 105 gold pieces
 75515 | Vaults:5 | Bought a potion of magic for 104 gold pieces
 75515 | Vaults:5 | Bought a potion of heal wounds for 65 gold pieces
 75515 | Vaults:5 | Bought 2 potions of haste for 260 gold pieces
 75515 | Vaults:5 | Bought a potion of heal wounds for 65 gold pieces
 75515 | Vaults:5 | Bought a potion of heal wounds for 65 gold pieces
 75659 | Vaults:1 | Bought a scroll of teleportation for 57 gold pieces
 75659 | Vaults:1 | Bought a scroll of teleportation for 57 gold pieces
 75659 | Vaults:1 | Bought a scroll of teleportation for 57 gold pieces
 75788 | D:11     | Bought a potion of resistance for 100 gold pieces
 76159 | Zot:1    | Entered Level 1 of the Realm of Zot
 76228 | Zot:1    | Learned a level 8 spell: Discord
 77139 | Zot:2    | Noticed a Killer Klown
 77142 | Zot:2    | Killed a Killer Klown
 77146 | Zot:2    | Noticed a Killer Klown
 77159 | Zot:2    | Killed a Killer Klown
 77170 | Zot:2    | Reached skill level 24 in Short Blades
 78692 | Zot:3    | Noticed a Killer Klown
 78716 | Zot:3    | Killed a Killer Klown
 79127 | Zot:3    | Reached skill level 25 in Short Blades
 79956 | Zot:4    | Noticed an orb of fire
 79956 | Zot:4    | Killed an orb of fire
 80036 | Zot:4    | Noticed an orb of fire
 80044 | Zot:4    | HP: 4/176 [yellow draconian annihilator/crystal spear (35)]
 80045 | Zot:4    | Killed from afar by an orb of fire

Illustrated notes

Levels and vault maps discovered:
D:1:      nagdon_arrival_double_spiral, layout_basic
D:2:      layout_basic, lemuel_crystal_altar, chequers_ecumenical_altar_grove
D:3:      layout_loops_corners, tgw_fedhas, minmay_unequal
D:4:      layout_rooms, portal_sewer_entry_d
D:5:      layout_gridville
D:6:      corexii_shack_village, layout_loops_corners,
          grunt_temple_overflow_order_and_chaos_2, kennysheep_mini_moat,
          minmay_temple_entry_junction
D:7:      layout_rooms, minmay_hedge_maze
D:8:      layout_rooms, lemuel_crystal_altar, nicolae_dithmenos_shadow_blocks
D:9:      layout_layer_cave, nicolae_overflow_hidden_temple, lair_entry_dummy,
          uniq_prince_ribbit1
D:10:     layout_roguey, erik_orc_1, serial_shops,
          nicolae_shop_overgrown_old_shop
D:11:     layout_loops_cross, serial_shops, nicolae_shop_statue_plus,
          eino_curves_04, nicolae_alphabet_shops, minmay_protected_statue,
          uniq_psyche, uniq_harold
D:12:     layout_cave_pools, serial_column_ruins, column_ruins_temple_circle,
          column_ruins_columns_straight, column_ruins_grid_1,
          column_ruins_grid_3, column_ruins_open_tiny, column_ruins_open_small,
          enter_bailey_6, uniq_nergalle
D:13:     layout_layer_cave
D:14:     layout_irregular_city, ximxim_vaults_locker_room,
          roderic_lattice_octagonal_star, kennysheep_generic_room_10,
          uniq_rupert
D:15:     hangedman_depths_entry_try_elsewhere_first, layout_irregular_city,
          minmay_misc_feat_chi, dk_noncrumbling_4, billiards_dpeg
Temple:   eino_narrow_crystal_temple
Lair:1:   layout_misc_corridors, chequers_serial_rivers_marsh,
          kennysheep_rathole, grunt_megastairs_1, serial_bayou_shore_b
Lair:2:   layout_gridlike, uniq_urug
Lair:3:   layout_gridlike
Lair:4:   layout_roguey, skrybe_swamp_entry_bodies, dummy_snake_entry,
          st_stairs_5, kennysheep_abandoned_house
Lair:5:   layout_cave_pods, slime_altar_1, minmay_lair_oklob_chamber
Lair:6:   due_jungle_book, layout_misc_corridors, nicolae_lair_yak_garden,
          grunt_megastairs_4
Swamp:1:  layout_basic_swamp, evilmike_swamp_ruin_house_1
Swamp:2:  layout_basic_swamp, serial_swamp_ruin, evilmike_swamp_ruin_house_3,
          hangedman_swamp_ruin_wall, uniq_frances
Swamp:3:  layout_basic_swamp, evilmike_swamp_ruin_house_6
Swamp:4:  swamp_icy, layout_basic_swamp
Snake:1:  layout_misc_corridors, portal_ice_cave_entry_pillars_three,
          serial_bayou_shore_a
Snake:2:  layout_onion_interference, serial_shops, shop, uniq_aizul,
          uniq_roxanne, uniq_nikola
Snake:3:  layout_layer_cave, gammafunk_ghost_cemetery
Snake:4:  snake_hunt, layout_grid_shapes, grunt_ministairs_7,
          lemuel_oklob_altar, minmay_shop_grove
Orc:1:    gammafunk_beogh_shrine, layout_caves
Orc:2:    st_orc_town, layout_caves, uniq_nessos, uniq_maurice, uniq_jorgrun,
          uniq_saint_roka
Elf:1:    layout_geoelf_diagonals, serial_shops, nicolae_shop_stone,
          nicolae_shop_trees, shop, shop, evilmike_minifort
Elf:2:    layout_geoelf_diagonals, special_room [special_room_mythical_zoo]
Elf:3:    grunt_elf_hall_branching, layout_geoelf_castle
Vaults:1: v_alt_pattern_2, v_misc_12, nicolae_vaults_asterisk, v_alt_pattern_3,
          vaults_standard_mumra_enter_the_diamond, v_misc_28,
          nicolae_vaults_an_arrangement, v_misc_22, hangedman_vaults_slice,
          layout_vaults_quadrants, serial_shops, nicolae_shop_trees, shop,
          nicolae_shop_waterfront, nicolae_shop_waterfront
Vaults:2: v_misc_10, minmay_crypt_entry_simple_sparse, hangedman_vaults_hat,
          v_misc_11, nicolae_vaults_little_squares_1,
          nicolae_vaults_specimen_jars, serial_ice_m, v_misc_24,
          vaults_room_grunt_arrival_checkpoint, vaults_room_fancy_cross,
          v_misc_8, v_misc_3, vaults_mumra_lcd, vaults_room_door_ring,
          layout_vaults_omnibox
Vaults:3: gammafunk_vaults_ghost_spectres, v_misc_25,
          nicolae_vaults_little_squares_1, ontoclasm_vaults_ligature,
          v_alt_pattern_5, v_misc_10, vaults_mumra_hexcomb,
          nicolae_vaults_puzzle_piece, vaults_room_boxed,
          nicolae_vaults_little_squares_5, nicolae_vaults_little_squares_3,
          sword_in_stone, layout_vaults_ring, serial_shops, shop, shop,
          uniq_sojobo, uniq_mara
Vaults:4: v_misc_26, hangedman_vaults_trim, special_room_vaults
          [special_room_orc], v_misc_14, nicolae_vaults_ring_of_whatevers,
          layout_vaults_big_room, serial_shops, bzr_firewalk, shop,
          nicolae_shop_statue_plus, nicolae_shop_crystal
Vaults:5: serial_shops
Crypt:1:  layout_regular_city, ebering_ghost_rock_garden
Crypt:2:  layout_misc_corridors, ebering_ghost_inner_flame, grunt_megastairs_2,
          uniq_margery, uniq_jory, uniq_donald
Crypt:3:  cryptofortress_bobbens, uniq_bai_suzhen
Depths:1: layout_cave_pools, enter_ziggurat_f, hangedman_coc_ice_floe,
          minmay_misc_feat_pillars, abyss_entry, serial_bayou_ford_a,
          kennysheep_generic_room_5
Depths:2: minmay_inner_zag, layout_cave_shapes, abyss_entry, hell_entry,
          minmay_misc_feat_five, kennysheep_cluttered_room,
          nicolae_elemental_shop, drop_trap, minmay_misc_feat_nine_boxes,
          kennysheep_two_boxes
Depths:3: grunt_x_marks_the_spot, layout_long_grid, pf_hell_entry_great_geh,
          grunt_pan_entry_sceptre, nrook_kobold_shadow_demons,
          minmay_staircase_bubble
Depths:4: hangedman_cross_stitches, layout_long_grid, hell_entry, nicolae_wwwww,
          abyss_entry, lightli_enter_wizlab_magi_temple
Depths:5: grunt_zot_entry_funnels, layout_gridlike, hell_entry,
          serial_bayou_pond_a, rand_demon_pan_entry_9, eino_tiny_chamber
Hell
Zot:1:    layout_misc_corridors, grunt_megastairs_3
Zot:2:    grunt_zot_stairs_faceoff, layout_onion
Zot:3:    layout_onion_interference, st_stairs_11, lemuel_elevator
Zot:4:    kennysheep_bubbly, layout_basic, st_stairs_8

Skill      XL: |  1  2  3  4  5  6  7  8  9 10 11 12 13 14 15 16 17 18 19 20 21 22 23 24 25 26 27 |
---------------+----------------------------------------------------------------------------------+-----
Short Blades   | 4 6 7 8 9 10 11 12 13 14 15 16 17 18 19 20 25 | 25.5
Stealth        | 7 8 9 10 11 12 13 14 15 16 17 18 19 20 21 22 | 22.6
Armour         | 1 3 4 5 6 7 8 9 10 | 10.0
Fighting       | 4 5 6 7 8 9 10 11 12 13 14 15 16 19 | 19.1
Dodging        | 4 5 7 9 10 11 12 13 14 15 16 18 | 18.3
Throwing       | 2 3 5 6 7 8 9 10 11 12 | 12.0
Evocations     | 2 4 6 8 10 11 12 13 14 15 17 | 17.3
Shields        | 1 3 4 5 6 7 8 9 10 11 12 13 17 | 17.4
Spellcasting   | 2 3 4 5 6 7 8 9 10 11 12 | 12.5
Necromancy     | 2 3 4 5 |  5.5
Translocations | 2 3 4 5 6 7 |  7.5
Earth Magic    | 2 3 4 5 6 7 |  7.5
Hexes          | 1 2 5 6 7 8 9 10 14 | 14.6
Transmutations | 1 3 4 5 7 |  7.5
Summonings     | 2 3 5 |  5.5
Conjurations   | 2 5 7 |  7.5

Action                   |  1- 3 |  4- 6 |  7- 9 | 10-12 | 13-15 | 16-18 | 19-21 | 22-24 | 25-27 || total
-------------------------+-------+-------+-------+-------+-------+-------+-------+-------+-------++-------
Melee: Short sword       |     2 |    53 |   331 |       |       |       |       |       |       ||   386
       Dagger            |       |       |    81 |   442 |   616 |   954 |  1188 |   802 |  2499 ||  6582
       Long sword        |       |       |       |    96 |    71 |       |       |       |       ||   167
       Bite              |       |       |       |       |       |       |    86 |   164 |   509 ||   759
       Kick              |       |       |       |       |       |       |       |    12 |   278 ||   290
Throw: Boomerang         |       |       |    11 |    46 |    57 |   206 |   145 |   205 |   355 ||  1025
       Dart              |       |       |       |       |     7 |       |     2 |       |     7 ||    16
       Throwing net      |       |       |       |       |     4 |       |       |       |     2 ||     6
 Cast: Passage of Golubr |       |       |       |       |       |       |    29 |     4 |     1 ||    34
       Yara's Violent Un |       |       |       |       |       |       |     7 |     5 |     3 ||    15
       Confusing Touch   |       |       |       |       |       |       |     2 |       |       ||     2
       Blink             |       |       |       |       |       |       |     6 |    12 |     6 ||    24
       Borgnjor's Vile C |       |       |       |       |       |       |     8 |    32 |   146 ||   186
       Irradiate         |       |       |       |       |       |       |     4 |    13 |    54 ||    71
       Statue Form       |       |       |       |       |       |       |       |     3 |    30 ||    33
       Passwall          |       |       |       |       |       |       |       |     2 |    42 ||    44
       Lee's Rapid Decon |       |       |       |       |       |       |       |       |    12 ||    12
       Apportation       |       |       |       |       |       |       |       |       |     9 ||     9
       Discord           |       |       |       |       |       |       |       |       |     7 ||     7
Invok: Curse Item        |       |       |     2 |     1 |     2 |     4 |     6 |     2 |     4 ||    21
 Abil: Evoke Invisibilit |       |       |       |     2 |    26 |    35 |    16 |    22 |    39 ||   140
       Evoke Flight      |       |       |       |       |     1 |       |     2 |       |     1 ||     4
       End Transformatio |       |       |       |       |       |       |       |       |     4 ||     4
Evoke: Wand              |       |       |       |    15 |     1 |    31 |    22 |    12 |     8 ||    89
       Box of beasts     |       |       |       |       |     3 |    10 |     8 |     3 |     6 ||    30
       Lightning rod     |       |       |       |       |       |    12 |    14 |    11 |    12 ||    49
       Phantom mirror    |       |       |       |       |       |     1 |     1 |       |       ||     2
       Phial of floods   |       |       |       |       |       |     2 |     3 |     1 |     4 ||    10
       Condenser vane    |       |       |       |       |       |       |     5 |    18 |    29 ||    52
       Tin of tremorston |       |       |       |       |       |       |       |    14 |    26 ||    40
  Use: Scroll            |       |     2 |     8 |    14 |     9 |     7 |    18 |     8 |    18 ||    84
       Potion            |       |       |     6 |     2 |     7 |     4 |     3 |     4 |     5 ||    31
 Stab: Sleeping          |     1 |     9 |    64 |    55 |   100 |   147 |   152 |    87 |   207 ||   822
       Invisible         |       |       |       |     5 |    79 |    59 |    30 |    38 |   148 ||   359
       Distracted        |       |       |       |     3 |     2 |     7 |     6 |     3 |    30 ||    51
       Paralysed         |       |       |       |       |     2 |     8 |    15 |     7 |    27 ||    59
       Petrifying        |       |       |       |       |     1 |     3 |     5 |     6 |    14 ||    29
       Held in net/web   |       |       |       |       |     1 |       |       |       |     4 ||     5
       Petrified         |       |       |       |       |     1 |       |       |     1 |     3 ||     5
       Confused          |       |       |       |       |       |     3 |    16 |     5 |    25 ||    49
Armor: Leather armour    |     1 |     8 |    33 |       |       |       |       |       |       ||    42
       Ring mail         |       |       |    10 |    64 |       |       |       |       |       ||    74
       Troll leather arm |       |       |       |    29 |    43 |    46 |    77 |    66 |   128 ||   389
       Skin              |       |       |       |       |       |    20 |       |     9 |   203 ||   232
Dodge: Dodged            |       |    38 |   164 |   236 |   368 |   352 |   554 |   379 |  1634 ||  3725
Block: Buckler           |       |       |     1 |    81 |   142 |       |       |       |       ||   224
       Kite shield       |       |       |       |       |       |   344 |   548 |   513 |  1908 ||  3313
       Rpst.: Long sword |       |       |       |    30 |    10 |       |       |       |       ||    40

Table legend: (Time is in decaauts)
 A = Elapsed time spent in this place.
 B = Non-inter-level travel time spent in this place.
 C = Inter-level travel time spent in this place.
 D = Time resting spent in this place.
 E = Time spent auto-exploring this place.
 F = Levels seen in this place.
 G = Mean time per level.
                   A        B        C        D        E       F      G
               +--------+--------+--------+--------+--------+-----+--------+
         Total |  78046 |  65952 |  12094 |   3699 |  42615 |  68 | 1147.7 |
       Dungeon |  21809 |  16082 |   5727 |   1065 |  11572 |  15 | 1453.9 |
        Temple |    144 |    129 |     15 |      0 |    118 |   1 |  144.0 |
          Lair |   8247 |   7125 |   1122 |    495 |   4906 |   6 | 1374.5 |
         Swamp |   4889 |   4592 |    297 |    524 |   2630 |   4 | 1222.2 |
     Snake Pit |   6372 |   5447 |    925 |    142 |   3881 |   4 | 1593.0 |
  Orcish Mines |   2809 |   2108 |    701 |    229 |   1067 |   2 | 1404.5 |
   Elven Halls |   4867 |   4335 |    532 |    336 |   2440 |   3 | 1622.3 |
        Vaults |  11030 |   9300 |   1730 |    279 |   6156 |   5 | 2206.0 |
         Crypt |   4512 |   4156 |    356 |      0 |   2832 |   3 | 1504.0 |
        Depths |   5437 |   4920 |    517 |    187 |   3271 |   5 | 1087.4 |
          Hell |   1259 |   1235 |     24 |      0 |    712 |   1 | 1259.0 |
           Zot |   3719 |   3575 |    144 |    162 |   2410 |   4 |  929.8 |
         Abyss |   1149 |   1149 |      0 |     53 |      0 |  10 |  114.9 |
        Bazaar |     93 |     93 |      0 |      0 |     88 |   1 |   93.0 |
         Sewer |    332 |    332 |      0 |     85 |    195 |   1 |  332.0 |
        Bailey |    324 |    324 |      0 |      0 |     71 |   1 |  324.0 |
      Ice Cave |    649 |    649 |      0 |    141 |    175 |   1 |  649.0 |
        Wizlab |    396 |    396 |      0 |      0 |     87 |   1 |  396.0 |
               +--------+--------+--------+--------+--------+-----+--------+

Top non-repeatable levels by time:
     D:9: 2946 daAuts
Vaults:3: 2435 daAuts
Vaults:1: 2415 daAuts
    D:10: 2306 daAuts
Vaults:4: 2180 daAuts
Vaults:5: 2117 daAuts
 Snake:3: 2043 daAuts
    D:13: 1981 daAuts
   Orc:2: 1907 daAuts
   Elf:1: 1886 daAuts
Vaults:2: 1882 daAuts
   Elf:3: 1866 daAuts
    D:14: 1725 daAuts
 Crypt:3: 1719 daAuts
     D:5: 1703 daAuts
